 Dungeon Sprint DCSS version 0.20-a0-251-g16a58bf (webtiles) character file.

8800000 Dfrag the Formicid Barricade (level 27, -170/249 HPs)
             Began as a Formicid Fighter on Nov 30, 2016.
             Was the Champion of Makhleb.
             Annihilated by a destroyer
             ... wielding a +9 great sword of slicing
              (217 damage)
             ... in the Dungeon (Sprint VIII: "Arena of Blood").
             The game lasted 00:01:21 (88 turns).

Dfrag the Formicid Barricade (Formicid Fighter)       Turns: 88, Time: 00:01:22

Health: -170/249   AC: 13    Str: 30    XL:     27
Magic:  35/54      EV: 23    Int: 12    God:    Makhleb [******]
Gold:   0          SH: 19    Dex: 10    Spells: 80/80 levels left

rFire  . . .     SeeInvis +     l - +∞ Axe of Woe
rCold  . . .     Gourm    .     b - +0 scale mail
rNeg   . . .     Faith    .     c - +0 shield
rPois  .         Spirit   .     (helmet unavailable)
rElec  .         Reflect  .     (no cloak)
rCorr  .         Harm     .     (no gloves)
MR     ++...                    (no boots)
Stlth  ++++++++..               (no amulet)
                                (no ring)
                                (no ring)

@: no status effects
A: permanent stasis, dig shafts and tunnels, four strong arms, antennae 3
a: Dig, Minor Destruction, Lesser Servant of Makhleb, Major Destruction, Greater
Servant of Makhleb, Renounce Religion


You were in the Dungeon.
You worshipped Makhleb.
Makhleb was exalted by your worship.
You were not hungry.

You visited 1 branch

Inventory:

Hand Weapons
 a - a +0 war axe
 l - the +∞ Axe of Woe (weapon)
   (You found it in the Dungeon)
Armour
 b - a +0 scale mail (worn)
 c - a +0 shield (worn)
Scrolls
 k - a scroll of blinking
Potions
 d - a potion of might
 e - a potion of curing
 g - a potion of heal wounds
 h - a potion of haste
 i - 2 potions of magic
 j - a potion of berserk rage
Comestibles
 f - a bread ration


   Skills:
 O Level 27 Fighting
 O Level 27 Axes
 O Level 27 Throwing
 O Level 27 Armour
 O Level 27 Dodging
 O Level 27 Stealth
 O Level 27 Shields
 O Level 27 Unarmed Combat
 O Level 27 Spellcasting
 O Level 27 Invocations


You had 80 spell levels left.
You didn't know any spells.

Dungeon Overview and Level Annotations

Branches:
Dungeon (1/1)

Altars:
Makhleb


Innate Abilities, Weirdness & Mutations

You cannot be hasted, slowed, berserked, paralysed or teleported.
You can dig through walls and to a lower floor.
Your four strong arms can wield two-handed weapons with a shield.
You have a pair of large antennae on your head. (SInv)


Message History

The eight-headed meat hydra calls on the powers of darkness!
The eight-headed meat hydra convulses!
Your body is wracked with pain!
* * * LOW HITPOINT WARNING * * *
The bag of meat convulses!
The tyrant gestures wildly while chanting.
The wretched soul moves out of view.
You hear a shout!
An eight-headed meat hydra comes into view. 2 orcs and a vampire knight come into view.
The destroyer is wielding a +9 great sword of slicing.
The bag of meat shouts!
You hear a shout! x4
The wretched soul appears out of thin air!
A wretched soul comes into view.
The bag of meat is engulfed in roaring flames.
You hear a shout!
The dread is engulfed in roaring flames.
You hear a shout!
The destroyer hits you with a +9 great sword of slicing!!!!!
Ouch! That really hurt!
You die...

......... ...
......... .....
......... ....%.
#....D..#{{ .%#..%
#.......#{{
#..D...###.W%.oo.###.
..%....%..2V###......
....#.%o§o@.O_.VoV.
..#...W)§W#....W#.
.....§.)§§#_.<._# .
..#...Xo§§#%.%.o#....
...D#X.))X)C._.......
.%..oWMLW)))###......
....%.o###.%...2.###.
...oMX. #%..{..2# {
....... #.......#


You could see 2 accurseds, a tentacled monstrosity, 3 meat beasts, a tyrant, 3
eight-headed meat hydras, 3 destroyers, a large bag of meat (inner flame), 3
large abominations, 4 wretched souls, 2 dreads, a meat berserker (berserk) and 8
bags of meat.

Vanquished Creatures
  Sigmund (D)
  6 hell beasts (D)
  3 greater mummies (D)
  A wraith (D)
  Harold (D)
  13 vampire knights (D)
  35 ogres (D)
  2 liches (D)
  74 orcs (D)
  7 hill giants (D)
  4 skeletal warriors (D)
  6 large abominations (D)
  4 small abominations (D)
  12 crawling corpses (D)
169 creatures vanquished.

Vanquished Creatures (others)
  A large abomination (D)
  4 crawling corpses (D)
5 creatures vanquished.

Grand Total: 174 creatures vanquished

Notes
Turn   | Place    | Note
-------+----------+-------------------------------------------
     0 | D        | Dfrag the Formicid Fighter began the quest for the Orb.
     0 | D        | Reached XP level 1. HP: 18/18 MP: 1/1
     3 | D        | Noticed a bag of meat
     3 | D        | Noticed a bag of meat
     3 | D        | Noticed a bag of meat
     4 | D        | Noticed a bag of meat
     4 | D        | Became a worshipper of Makhleb the Destroyer
     7 | D        | Killed a bag of meat
     7 | D        | Reached XP level 2. HP: 47/47 MP: 2/2
     7 | D        | Reached XP level 3. HP: 53/53 MP: 3/3
     7 | D        | Reached XP level 4. HP: 60/60 MP: 4/4
     7 | D        | Reached XP level 5. HP: 67/67 MP: 5/5
     7 | D        | Reached XP level 6. HP: 74/74 MP: 6/6
     7 | D        | Reached XP level 7. HP: 80/80 MP: 7/7
     7 | D        | Reached XP level 8. HP: 87/87 MP: 8/8
     7 | D        | Reached XP level 9. HP: 94/94 MP: 9/9
     7 | D        | Reached XP level 10. HP: 101/101 MP: 10/10
     7 | D        | Reached XP level 11. HP: 107/107 MP: 11/11
     7 | D        | Reached XP level 12. HP: 114/114 MP: 12/12
     7 | D        | Killed a bag of meat
     7 | D        | Reached * piety under Makhleb
     7 | D        | Reached XP level 13. HP: 126/126 MP: 13/13
     8 | D        | Killed a bag of meat
     8 | D        | Reached XP level 14. HP: 120/136 MP: 14/14
     8 | D        | Killed a bag of meat
     8 | D        | Reached XP level 15. HP: 129/146 MP: 15/15
     9 | D        | Noticed a meat berserker
    11 | D        | Noticed a meat berserker
    12 | D        | Noticed a large bag of meat
    12 | D        | Noticed a destroyer
    14 | D        | Noticed a meat berserker
    14 | D        | Noticed a meat berserker
    14 | D        | Killed a meat berserker
    14 | D        | Reached ** piety under Makhleb
    14 | D        | Reached skill level 15 in Axes
    14 | D        | Reached XP level 16. HP: 159/159 MP: 16/16
    14 | D        | Killed a meat berserker
    14 | D        | Reached skill level 27 in Shields
    14 | D        | Reached skill level 27 in Fighting
    14 | D        | Reached skill level 27 in Armour
    14 | D        | Reached XP level 17. HP: 174/174 MP: 17/17
    15 | D        | Noticed a meat berserker
    16 | D        | Reached *** piety under Makhleb
    16 | D        | Reached XP level 18. HP: 182/182 MP: 18/18
    16 | D        | Reached skill level 27 in Axes
    17 | D        | Noticed a meat berserker
    17 | D        | Reached **** piety under Makhleb
    17 | D        | Reached skill level 5 in Dodging
    17 | D        | Reached skill level 5 in Spellcasting
    18 | D        | Noticed a meat berserker
    18 | D        | Killed a meat berserker
    18 | D        | Reached skill level 10 in Throwing
    18 | D        | Reached skill level 10 in Unarmed Combat
    18 | D        | Reached skill level 10 in Spellcasting
    18 | D        | Reached XP level 19. HP: 189/189 MP: 18/33
    18 | D        | Reached skill level 15 in Stealth
    19 | D        | Noticed a meat berserker
    19 | D        | Killed a destroyer
    19 | D        | Reached skill level 15 in Throwing
    19 | D        | Reached skill level 15 in Unarmed Combat
    19 | D        | Reached XP level 20. HP: 197/197 MP: 18/38
    19 | D        | Killed a meat berserker
    19 | D        | Reached ***** piety under Makhleb
    19 | D        | Reached skill level 15 in Dodging
    19 | D        | Noticed a destroyer
    20 | D        | Killed a large bag of meat
    20 | D        | Reached XP level 21. HP: 204/204 MP: 18/43
    21 | D        | Noticed a meat berserker
    21 | D        | Killed a meat berserker
    22 | D        | Killed a meat berserker
    22 | D        | Reached skill level 27 in Stealth
    22 | D        | Reached XP level 22. HP: 212/212 MP: 18/47
    23 | D        | Noticed a meat berserker
    23 | D        | Noticed a meat berserker
    23 | D        | Noticed a meat berserker
    24 | D        | Killed a meat berserker
    24 | D        | Killed a meat berserker
    24 | D        | Reached ****** piety under Makhleb
    24 | D        | Reached skill level 27 in Invocations
    24 | D        | Reached XP level 23. HP: 219/219 MP: 19/51
    26 | D        | Reached skill level 27 in Throwing
    26 | D        | Reached skill level 27 in Dodging
    26 | D        | Reached skill level 27 in Unarmed Combat
    26 | D        | Reached skill level 27 in Spellcasting
    26 | D        | Reached XP level 24. HP: 227/227 MP: 19/54
    28 | D        | Noticed a destroyer
    29 | D        | Noticed a destroyer
    29 | D        | Noticed a destroyer
    30 | D        | Noticed The Servant
    30 | D        | Reached XP level 25. HP: 234/234 MP: 21/54
    33 | D        | Killed a destroyer
    33 | D        | Reached XP level 26. HP: 242/242 MP: 21/54
    33 | D        | Killed a destroyer
    34 | D        | Killed a destroyer
    34 | D        | Reached XP level 27. HP: 249/249 MP: 21/54
    37 | D        | Killed a destroyer
    41 | D        | Killed The Servant
    42 | D        | Noticed a destroyer
    43 | D        | Noticed a destroyer
    44 | D        | Noticed a destroyer
    45 | D        | Noticed a destroyer
    47 | D        | Noticed an accursed
    47 | D        | Noticed a destroyer
    47 | D        | Killed a destroyer
    50 | D        | Killed a destroyer
    51 | D        | Noticed a destroyer
    51 | D        | Killed a destroyer
    52 | D        | Killed a destroyer
    53 | D        | Noticed an accursed
    57 | D        | Killed a destroyer
    60 | D        | Killed a destroyer
    61 | D        | Noticed a tyrant
    62 | D        | Noticed an accursed
    62 | D        | Killed an accursed
    63 | D        | Noticed a destroyer
    64 | D        | Noticed a meat beast
    65 | D        | Noticed a meat beast
    66 | D        | Noticed a dread
    66 | D        | Killed a destroyer
    67 | D        | Noticed a destroyer
    68 | D        | Killed a meat beast
    68 | D        | Noticed The Captor
    69 | D        | Noticed a meat beast
    69 | D        | Killed a meat beast
    70 | D        | Killed an accursed
    70 | D        | Killed an accursed
    72 | D        | Killed a tyrant
    72 | D        | Killed a dread
    72 | D        | Killed a meat beast
    74 | D        | Noticed a dread
    75 | D        | Noticed a tyrant
    75 | D        | Noticed an accursed
    78 | D        | Noticed an accursed
    78 | D        | Noticed a meat beast
    79 | D        | Noticed a meat beast
    79 | D        | Noticed a destroyer
    80 | D        | Noticed a tyrant
    81 | D        | Noticed a meat beast
    81 | D        | Killed a meat beast
    81 | D        | Killed a destroyer
    83 | D        | Noticed a dread
    84 | D        | Killed a meat beast
    84 | D        | Killed a tyrant
    86 | D        | Noticed a meat beast
    86 | D        | Killed a meat beast
    86 | D        | Killed The Captor
    87 | D        | Noticed a destroyer
    88 | D        | Noticed a destroyer
    88 | D        | Annihilated by a destroyer

Vault maps used:
D:        meatsprint

Skill      XL: |  1  2  3  4  5  6  7  8  9 10 11 12 13 14 15 16 17 18 19 20 21 22 23 |
---------------+----------------------------------------------------------------------+-----
Fighting       | 17 19 20 22 23 27 | 27.0
Axes           | 9 11 12 13 15 19 25 27 | 27.0
Armour         | 17 19 21 22 24 27 | 27.0
Shields        | 18 20 22 23 25 27 | 27.0
Throwing       | 10 15 18 22 24 27 | 27.0
Dodging        | 9 14 17 20 22 27 | 27.0
Stealth        | 13 19 22 27 | 27.0
Unarmed Combat | 10 15 18 22 24 27 | 27.0
Spellcasting   | 10 14 18 21 24 27 | 27.0
Invocations    | 12 17 20 24 27 | 27.0

Action                   |  1- 3 |  4- 6 |  7- 9 | 10-12 | 13-15 | 16-18 | 19-21 | 22-24 | 25-27 || total
-------------------------+-------+-------+-------+-------+-------+-------+-------+-------+-------++-------
Melee: Executioner's axe |     1 |       |       |       |     2 |     3 |     4 |     5 |    53 ||    68
Invok: Greater Servant o |       |       |       |       |       |       |       |     1 |       ||     1
 Stab: Held in net/web   |       |       |       |       |       |       |       |       |     1 ||     1
Armor: Scale mail        |       |       |       |       |       |       |       |       |     1 ||     1
Dodge: Dodged            |       |       |       |       |       |       |       |     1 |     3 ||     4
Block: Shield            |       |       |       |       |       |       |       |       |     6 ||     6
